 Dungeon Crawl Stone Soup version 0.27-a0-1206-g6342a01c75 (webtiles) character file.

Game seed: 3576097355589730846

1381 Morbidden the Ruffian (level 8, -2/78 HPs)
             Began as a Troll Monk on June 5, 2021.
             Slain by a troll (13 damage)
             ... on level 6 of the Dungeon.
             The game lasted 00:07:25 (4975 turns).

Morbidden the Ruffian (Troll Monk)                  Turns: 4975, Time: 00:07:26

Health: -2/78      AC:  4    Str: 20    XL:     8   Next: 39%
Magic:  18/18      EV: 11    Int:  8    God:
Gold:   169        SH:  0    Dex: 18    Spells: 10/10 levels left

rFire    . . .     SeeInvis .     - Unarmed
rCold    . . .     Faith    .   (no shield)
rNeg     . . .     Spirit   .   a - +0 robe
rPois    .         Reflect  .   (helmet restricted)
rElec    .         Harm     .   u - scarf {+Inv}
rCorr    .         Rampage  .   (gloves unavailable)
Will     .....                  (boots unavailable)
Stlth    ++........             (no amulet)
HPRegen  1.23/turn              f - ring of magical power
MPRegen  0.16/turn              n - +6 ring of dexterity

@: no status effects
A: large, unfitting armour, claws 3, regeneration 1, shaggy fur 1, tough skin 1
a: Evoke Invisibility


You were on level 6 of the Dungeon.
You visited 1 branch of the dungeon, and saw 6 of its levels.

You collected 221 gold pieces.
You spent 52 gold pieces at shops.

Inventory:

Missiles
 c - 93 arrows
 h - 146 stones (quivered)
 l - 15 bolts
 r - 27 poisoned darts
 t - 2 boomerangs
Armour
 a - a +0 robe (worn)
 u - a scarf of invisibility (worn)
Jewellery
 f - a ring of magical power (left claw)
 n - a +6 ring of dexterity (right claw)
Wands
 o - a wand of iceblast (4)
Scrolls
 b - a scroll of amnesia {unknown}
 d - 3 scrolls of identify {unknown}
 e - a scroll of fear {unknown}
 m - a scroll of silence {unknown}
 s - a scroll of magic mapping {unknown}
 v - a scroll of brand weapon {unknown}
 w - a scroll of enchant weapon {unknown}
 y - a scroll of holy word {unknown}
Potions
 g - a potion of heal wounds
 i - 4 potions of curing {unknown}
 j - a potion of ambrosia {unknown}
 k - a potion of flight {unknown}
 p - 2 potions of degeneration {unknown}
 q - a potion of haste {unknown}
 x - a potion of lignification {unknown}


   Skills:
 * Level 3.8 Fighting
 * Level 3.3 Throwing
 * Level 4.0 Dodging
 + Level 2.0 Stealth
 * Level 7.1 Unarmed Combat
 * Level 1.8 Spellcasting
 + Level 0.6 Evocations


You had 10 spell levels left.
You didn't know any spells.
Your spell library contained the following spells:

 Spells                   Type           Power      Damage    Failure   Level
 Beastly Appendage        Tmut           0%         N/A       36%         1
 Magic Dart               Conj           0%         1d3       36%         1
 Searing Ray              Conj           0%         3d3       50%         2
 Wereblood                Tmut           0%         N/A       50%         2
 Confusing Touch          Hex            0%         N/A       73%         3
 Dazzling Flash           Conj/Hex       0%         N/A       73%         3
 Gell's Gravitas          Tloc           0%         N/A       73%         3
 Spider Form              Tmut/Pois      0%         N/A       73%         3
 Fulminant Prism          Conj/Hex       0%         3d6       98%         4
 Ice Form                 Ice/Tmut       0%         N/A       98%         4
 Iskenderun's Mystic Bla  Conj/Tloc      0%         2d3       98%         4
 Petrify                  Tmut/Erth      0%         N/A       98%         4
 Hydra Form               Tmut           0%         N/A       100%        5
 Metabolic Englaciation   Hex/Ice        0%         N/A       100%        5
 Yara's Violent Unravell  Hex/Tmut       0%         3d3       100%        5


Dungeon Overview and Level Annotations

Branches:
Dungeon (6/15)
 Temple: D:4-7

Altars:
Elyvilon
Vehumet
Yredelemnul

Shops:
D:2 *


Innate Abilities, Weirdness & Mutations

You are too large for most types of armour.
You have claws for hands.
Your natural rate of healing is unusually fast.
You are covered in fur. (AC +1)
You have tough skin. (AC +1)


Message History

The centaur hits you. The centaur barely misses you.
You claw the centaur!
The centaur is almost dead.
The centaur hits you. The centaur kicks you.
The centaur unwields a +0 shortbow.
The centaur closely misses you. x2
The centaur barely misses you. x2
You claw the centaur!
You kill the centaur!
The centaur hits you.
The centaur kicks you but does no damage.
You closely miss the centaur. The centaur hits you.
The centaur kicks you but does no damage.
You claw the centaur!
The centaur is heavily wounded.
The centaur hits you. The centaur closely misses you. x2
The centaur kicks you but does no damage.
You mangle the centaur!!
You kill the centaur!
Your Dodging skill increases to level 4!
Your Stealth skill increases to level 2!
Your Unarmed Combat skill increases to level 7!
You barely miss the troll. The troll bites you. The troll barely misses you.
The troll claws you.
You completely miss the troll. The troll bites you. The troll claws you.
The troll claws you!
* * * LOW HITPOINT WARNING * * *
You mangle the troll!!
The troll is heavily wounded.
The troll completely misses you. The troll barely misses you.
The troll claws you but does no damage.
Unknown command.
You scratch the troll.
The troll is severely wounded.
Unknown command.
You scratch the troll.
The troll is severely wounded.
The troll bites you!
* * * LOW HITPOINT WARNING * * *
The troll closely misses you. The troll claws you!
You die...

#+# ### #.# S.### #.#
h.h.# ##.##cTZ.##
+#...#'c.Y.#
######....T######
###..'.........)@....+
.....# #...........###
.....#.##....#....##
.....#..##.......##
.....#...'.......+
.....# .##......:#
.....# #.)..#....#
...†.# #..##'##..#
####.# #.##...##.#


You could see a troll.

Vanquished Creatures
  Sigmund (D:4)
  Edmund (D:5)
  A water moccasin (D:5)
  3 ogres
  2 centaurs (D:6)
  A scorpion (D:4)
  A water moccasin skeleton (D:5)
  A centaur zombie (D:6)
  A bullfrog zombie (D:5)
  2 jellies
  A gnoll shaman (D:4)
  2 orc priests (D:5)
  An orc wizard (D:4)
  A howler monkey zombie (D:6)
  4 gnolls
  6 adders
  An adder skeleton (D:4)
  A worm (D:3)
  A dart slug (D:5)
  6 orcs
  2 ball pythons
  7 bats
  11 endoplasms
  8 giant cockroaches
  6 goblins
  6 hobgoblins
  17 jackals
  7 kobolds
  4 quokkas
  7 frilled lizards
  8 rats
  A spectral orc (D:5)
122 creatures vanquished.

Notes
Turn   | Place    | Note
-------+----------+-------------------------------------------
     0 | D:1      | Morbidden the Troll Monk began the quest for the Orb.
     0 | D:1      | Reached XP level 1. HP: 22/22 MP: 0/0
   103 | D:1      | Reached XP level 2. HP: 29/29 MP: 1/1
   271 | D:1      | Reached XP level 3. HP: 36/36 MP: 2/2
  1081 | D:2      | Found Vipuumy's Assorted Antiques.
  1094 | D:2      | Bought 2 scrolls labelled IPHOMNU DENG for 52 gold pieces
  1627 | D:3      | Reached XP level 4. HP: 44/44 MP: 3/3
  1671 | D:3      | Reached skill level 4 in Unarmed Combat
  2475 | D:4      | Noticed an ogre
  2481 | D:4      | Killed an ogre
  2482 | D:4      | Reached skill level 1 in Throwing
  2482 | D:4      | Reached XP level 5. HP: 53/53 MP: 4/4
  2536 | D:4      | Found a radiant altar of Vehumet.
  2677 | D:4      | Reached XP level 6. HP: 61/61 MP: 6/6
  2682 | D:4      | Noticed Sigmund
  3309 | D:4      | Killed Sigmund
  3310 | D:4      | Reached skill level 5 in Unarmed Combat
  3310 | D:4      | Reached skill level 1 in Spellcasting
  3908 | D:5      | Entered Level 5 of the Dungeon
  3992 | D:4      | Reached XP level 7. HP: 33/59 MP: 7/7
  4155 | D:5      | Noticed Edmund
  4185 | D:5      | Killed Edmund
  4357 | D:5      | HP: 3/67 [poisoned by a water moccasin]
  4360 | D:5      | Reached skill level 6 in Unarmed Combat
  4435 | D:5      | Reached XP level 8. HP: 75/76 MP: 9/9
  4534 | D:5      | Found a white marble altar of Elyvilon.
  4733 | D:5      | Found a basalt altar of Yredelemnul.
  4961 | D:6      | Noticed a troll
  4971 | D:6      | Reached skill level 7 in Unarmed Combat
  4975 | D:6      | Slain by a troll

Illustrated notes

Levels and vault maps discovered:
D:1:      dpeg_arrival_court, layout_rooms, minmay_unequal
D:2:      layout_loops_ring, serial_shops, shop
D:3:      minmay_diamond_boxcup, layout_basic, serial_corexii_hall,
          corexii_hall_statues_l, chequers_hall_statues_wall_a,
          roderic_lattice_a, grunt_ministairs_12, bh_walls_and_bars
D:4:      layout_basic, nicolae_vehumet_altar_sigil, minmay_crystal_room,
          uniq_sigmund
D:5:      layout_cave_pools, yredelemnul_forgotten_temple_becter,
          nicolae_elyvilon_peaceful_grove, skrybe_limestone_x, uniq_edmund
D:6:      layout_loops_cross, beargit_hepliaklqana_dungeon_heroes,
          grunt_temple_overflow_open, minmay_pentangle

Skill      XL: |  1  2  3  4  5  6  7  8 |
---------------+-------------------------+-----
Unarmed Combat | 4 5 6 7 |  7.1
Fighting       | 3 |  3.8
Throwing       | 1 2 3 |  3.3
Dodging        | 3 4 |  4.0
Spellcasting   | 1 |  1.8
Stealth        | 2 |  2.0
Evocations     | |  0.6

Action                   |  1- 3 |  4- 6 |  7- 9 || total
-------------------------+-------+-------+-------++-------
Melee: Unarmed           |   111 |    91 |   110 ||   312
       Punch             |     2 |       |     2 ||     4
Throw: Stone             |    33 |    46 |       ||    79
       Dart              |       |    15 |       ||    15
Evoke: Wand              |       |     6 |       ||     6
  Use: Scroll            |     1 |       |       ||     1
       Potion            |       |       |     2 ||     2
 Stab: Sleeping          |     4 |     1 |     2 ||     7
Armor: Robe              |    47 |    21 |    25 ||    93
Dodge: Dodged            |    57 |    63 |    70 ||   190

Table legend: (Time is in decaauts)
 A = Elapsed time spent in this place.
 B = Non-inter-level travel time spent in this place.
 C = Inter-level travel time spent in this place.
 D = Time resting spent in this place.
 E = Time spent auto-exploring this place.
 F = Levels seen in this place.
 G = Mean time per level.
                   A        B        C        D        E       F      G
               +--------+--------+--------+--------+--------+-----+--------+
         Total |   4958 |   4746 |    212 |    525 |   3223 |   6 |  826.3 |
       Dungeon |   4958 |   4746 |    212 |    525 |   3223 |   6 |  826.3 |
               +--------+--------+--------+--------+--------+-----+--------+

Top non-repeatable levels by time:
     D:4: 1236 daAuts
     D:3: 1184 daAuts
     D:1: 858 daAuts
     D:2: 755 daAuts
     D:5: 736 daAuts
     D:6: 186 daAuts
